 Dungeon Crawl Stone Soup version 0.17-a0-2093-gc772f4b (webtiles) character file.

12143 brucemayne the Severer (level 11, -6/93 HPs)
             Began as a Hill Orc Berserker on Oct 16, 2015.
             Was an Elder of Trog.
             Killed by divine providence
             ... invoked by Saint Roka
              (8 damage)
             ... on level 4 of the Orcish Mines.
             The game lasted 00:32:33 (5175 turns).

brucemayne the Severer (Hill Orc Berserker)         Turns: 5175, Time: 00:32:33

Health: -6/93      AC: 14    Str: 22    XL:     11   Next: 88%
Magic:  11/11      EV:  7    Int:  9    God:    Trog [****..]
Gold:   1355       SH:  0    Dex: 10    Spells: 0 memorised, 10 levels left

rFire  . . .     SeeInvis +     A - +4 war axe (venom)
rCold  . . .     Clarity  +     q - +1 plate armour "Heudemyo" {rPois MR+} (curse)
rNeg   . . .     SustAt   +     (no shield)
rPois  +         Gourm    .     (no helmet)
rElec  .         Spirit   .     (no cloak)
rCorr  .         Warding  .     (no gloves)
rMut   .         Stasis   .     (no boots)
MR     +....                    p - amulet of clarity
Stlth  ..........               C - ring of see invisible
                                g - ring of sustain attributes

@: somewhat resistant to hostile enchantments, extremely unstealthy
A: no striking features
a: Burn Spellbooks, Berserk, Trog's Hand, Brothers in Arms, Renounce Religion,
Convert to Beogh


You were on level 4 of the Orcish Mines.
You worshipped Trog.
Trog was greatly pleased with you.
You were very hungry.

You visited 3 branches of the dungeon, and saw 18 of its levels.

You collected 1355 gold pieces.

Inventory:

Hand Weapons
 a - a +1 hand axe
 r - the cursed +2 trident of the End of Times {freeze, -Tele rN++ MP+9 Int+2, unknown}
   (You found it on level 7 of the Dungeon)

   It has been specially enchanted to freeze those struck by it, causing extra
   injury to most foes and up to half again as much damage against particularly
   susceptible opponents.
   It can also slow down cold-blooded creatures.
   It affects your intelligence (+2).
   It greatly protects you from negative energy.
   It affects your magic capacity (+9).
   It prevents most forms of teleportation.
   It has a curse placed upon it.
 y - a +0 war axe
 A - a +4 war axe of venom (weapon)
Missiles
 d - 6 tomahawks of returning (quivered)
Armour
 b - a +0 animal skin
 e - a +1 leather armour
 h - a +2 plate armour of cold resistance
 l - a +0 ring mail
 n - a +0 chain mail
 q - the cursed +1 plate armour "Heudemyo" (worn) {rPois MR+}
   (You found it on level 9 of the Dungeon)

   It protects you from poison.
   It affects your resistance to hostile enchantments.
   It has a curse placed upon it.
 B - a +0 shield of reflection
Jewellery
 g - a ring of sustain attributes (left hand)
 p - an amulet of clarity (around neck)
 C - a ring of see invisible (right hand)
Wands
 o - a wand of magic darts (39)
 D - a wand of magic darts (33)
Scrolls
 k - a scroll of teleportation {unknown}
 s - 4 scrolls of remove curse
 t - a scroll of enchant weapon
 u - a scroll of identify
 w - a scroll of immolation
Potions
 f - a potion of berserk rage {unknown}
 i - a potion of brilliance
 j - a potion of cure mutation
 m - 2 potions of flight
 v - a potion of lignification {unknown}
 z - a potion of mutation {unknown}
Books
 x - a book of Burglary

   Spells                             Type                      Level
   a - Swiftness                      Charms/Air                   2
   b - Passwall                       Transmutation/Earth          3
   c - Passage of Golubria            Translocation                4
   d - Lee's Rapid Deconstruction     Earth                        5
   e - Darkness                       Hexes                        6
   f - Invisibility                   Hexes                        6
   Trog disapproves of the use of such an item.
Comestibles
 c - 5 bread rations


   Skills:
 - Level 7.7 Fighting
 + Level 20.0 Axes
 - Level 6.6 Armour
 - Level 1.5 Dodging


You had 10 spell levels left.
You didn't know any spells.

Dungeon Overview and Level Annotations

Branches:
Dungeon (13/15)            Temple (1/1) D:6            Lair (0/8) D:9
    Orc (4/4) D:12            Elf (0/3) Orc:4
 Vaults: D:13-14

Altars:
Cheibriados
Dithmenos
Fedhas
Gozag
Kikubaaqudgha
Makhleb
Nemelex Xobeh
Okawaru
Qazlal
Ru
Sif Muna
Trog
Vehumet
Xom
Yredelemnul
Zin
The Shining One
Beogh

Shops:
Orc:1 =   Orc:2 }   Orc:3 !

Annotations:
D:10 exclusion: downstairs
D:11 derrpe's ghost, journeyman TrMo
D:12 exclusion: obsidian statue
Orc:4 Saint Roka


Message History

Something smites you!
* * * LOW HITPOINT WARNING * * *
Read which item? (? for menu, Esc to quit)
Okay, then.
Your skin stops crawling.
You feel less resistant to hostile enchantments.
Saint Roka roars a battlecry!
The orc warrior goes into a battle-frenzy!
Saint Roka invokes the aid of Beogh against you.
Something smites you!
* * * LOW HITPOINT WARNING * * *
Saint Roka calls down the wrath of Beogh upon you.
Something smites you!
* * * LOW HITPOINT WARNING * * *
Drink which item? (? for menu, Esc to quit)
Okay, then.
Saint Roka roars a battlecry!
Saint Roka mumbles some strange prayers to Beogh against you.
Something smites you!
You die...

#......#..........#.............
.....#..........[..............
......#..#......[$.............
#...............[.............
####...o......................#.
##.#.............................
#................................
......†).........................
.$...)#.)o.oo...@...............#
$.##o###....................[[)..
..#..)###...................[.<..
...#.###.#.......................
o(..##...........................
...............................#.
.(........>..(...................
##...............................
#............#.............#....


You could see Saint Roka, an orc warrior (frenzied) and an orc (frenzied).

Vanquished Creatures
  Donald (Orc:4)
  Maud (Orc:4)
  2 hill giants
  An orc sorcerer (Orc:2)
  A cyclops (Orc:4)
  3 centaur zombies (D:12)
  2 trolls
  2 two-headed ogres
  2 yaks
  A wyvern (D:13)
  A human (D:8)
  A hippogriff (D:7)
  A hungry ghost (D:9)
  2 hogs (D:8)
  3 wargs
  13 orc warriors
  A black bear (D:12)
  A necrophage (D:11)
  2 crocodiles (D:9)
  4 centaurs
  7 ogres
  A wyvern zombie (D:13)
  A giant frog (D:13)
  A big kobold (D:13)
  A wyvern skeleton (D:12)
  3 wights (D:9)
  5 killer bees (D:10)
  A scorpion (D:9)
  A crimson imp (D:9)
  3 giant frog zombies
  A quasit (D:12)
  A centaur skeleton (D:11)
  2 hounds
  2 jellies
  14 orc priests
  20 orc wizards
  7 worker ants
  A giant frog skeleton (D:5)
  A sheep (D:8)
  A centaur simulacrum (D:12)
  A worker ant zombie (D:5)
  3 gnolls (D:2)
  7 adders
  A white imp (D:12)
  A shadow imp (D:5)
  2 oozes
  2 giant geckos (D:5)
  114 orcs
  2 bats (D:2)
  A goblin (D:3)
  5 hobgoblins
  6 quokkas
  A ball python (D:3)
  2 giant newts
  12 jackals
  9 kobolds
  A quokka zombie (D:5)
  2 rats (D:1)
291 creatures vanquished.

Vanquished Creatures (collateral kills)
  An orc sorcerer (Orc:4)
  3 orc warriors (Orc:4)
  An orc wizard (Orc:4)
5 creatures vanquished.

Grand Total: 296 creatures vanquished

Notes
Turn   | Place    | Note
--------------------------------------------------------------
     0 | D:1      | brucemayne the Hill Orc Berserker began the quest for the Orb.
     0 | D:1      | Reached XP level 1. HP: 19/19 MP: 1/1
   173 | D:1      | Reached XP level 2. HP: 13/26 MP: 2/2
   261 | D:2      | Reached skill level 5 in Axes
   264 | D:2      | Reached XP level 3. HP: 20/31 MP: 3/3
   348 | D:2      | Reached skill level 6 in Axes
   468 | D:2      | Reached XP level 4. HP: 21/39 MP: 4/4
   507 | D:2      | Reached ** piety under Trog
   674 | D:4      | Noticed an ogre
   682 | D:4      | Killed an ogre
   682 | D:4      | Reached skill level 7 in Axes
   682 | D:4      | Reached XP level 5. HP: 45/45 MP: 5/5
   685 | D:4      | Reached skill level 8 in Axes
   770 | D:5      | Entered Level 5 of the Dungeon
   779 | D:5      | Reached XP level 6. HP: 45/51 MP: 6/6
  1033 | D:6      | Found a staircase to the Ecumenical Temple.
  1048 | D:6      | Reached skill level 9 in Axes
  1055 | Temple   | Entered the Ecumenical Temple
  1287 | D:7      | Noticed a hippogriff
  1326 | D:7      | Killed a hippogriff
  1326 | D:7      | Reached skill level 10 in Axes
  1326 | D:7      | Reached XP level 7. HP: 39/57 MP: 7/7
  1426 | D:7      | Got a twisted trident
  1446 | D:8      | Noticed a two-headed ogre
  1454 | D:8      | Killed a two-headed ogre
  1454 | D:8      | Reached skill level 11 in Axes
  1499 | D:9      | Noticed a yak
  1510 | D:9      | Killed a yak
  1510 | D:9      | Reached skill level 12 in Axes
  1510 | D:9      | Reached XP level 8. HP: 39/64 MP: 8/8
  1601 | D:9      | Found a staircase to the Lair.
  1693 | D:8      | Noticed a yak
  1693 | D:8      | Noticed a hog
  1693 | D:8      | Noticed a hog
  1693 | D:8      | Noticed a human
  1705 | D:8      | Killed a hog
  1710 | D:8      | Killed a human
  1717 | D:8      | Killed a hog
  1717 | D:8      | Reached skill level 5 in Fighting
  1727 | D:8      | Killed a yak
  1782 | D:7      | Reached skill level 5 in Armour
  1831 | D:9      | Reached XP level 9. HP: 62/77 MP: 9/9
  1847 | D:9      | Reached *** piety under Trog
  1921 | D:9      | Noticed a hungry ghost
  1966 | D:9      | Killed a hungry ghost
  2016 | D:9      | Got a steaming plate armour
  2042 | D:9      | Identified the cursed +1 plate armour "Heudemyo" {rPois MR+} (You found it on level 9 of the Dungeon)
  2067 | D:10     | Entered Level 10 of the Dungeon
  2153 | D:11     | Noticed a skeletal warrior
  2153 | D:11     | Noticed a skeletal warrior
  2153 | D:11     | Noticed a skeletal warrior
  2153 | D:11     | Noticed a skeletal warrior
  2153 | D:11     | Noticed a skeletal warrior
  2355 | D:9      | Reached skill level 13 in Axes
  2413 | D:10     | Noticed a hill giant
  2449 | D:10     | Killed a hill giant
  2524 | D:10     | Reached skill level 14 in Axes
  2571 | D:11     | Reached XP level 10. HP: 33/88 MP: 10/10
  2678 | D:12     | Reached skill level 15 in Axes
  3095 | D:12     | Reached skill level 16 in Axes
  3297 | D:12     | Noticed an obsidian statue
  3298 | D:12     | Noticed an ice devil
  3298 | D:12     | Noticed a sixfirhy
  3299 | D:12     | Noticed a large abomination
  3302 | D:12     | Noticed a soul eater
  3449 | D:10     | Received a gift from Trog
  3493 | D:11     | Noticed a hill giant
  3504 | D:11     | Killed a hill giant
  3504 | D:11     | Reached skill level 17 in Axes
  3638 | D:11     | Noticed derrpe's ghost (journeyman TrMo)
  3719 | D:12     | Found a staircase to the Orcish Mines.
  3752 | D:12     | Found a roughly hewn altar of Beogh.
  3827 | D:12     | Reached XP level 11. HP: 84/93 MP: 11/11
  3868 | Orc:1    | Entered Level 1 of the Orcish Mines
  3869 | Orc:1    | Found a roughly hewn altar of Beogh.
  4073 | Orc:1    | Found Domal's Jewellery Shop.
  4084 | Orc:1    | Reached skill level 18 in Axes
  4143 | Orc:1    | Reached **** piety under Trog
  4242 | Orc:2    | Found Vuivery's Gadget Shop.
  4319 | Orc:1    | Found a burning altar of Makhleb.
  4451 | Orc:4    | Entered Level 4 of the Orcish Mines
  4513 | Orc:4    | Noticed Maud
  4584 | Orc:4    | Killed Maud
  4584 | Orc:4    | Reached skill level 19 in Axes
  4721 | Orc:2    | Reached ***** piety under Trog
  4823 | Orc:4    | Found a staircase to the Elven Halls.
  4825 | Orc:4    | Noticed Donald
  4848 | Orc:3    | Found Ulyas Afos's Distillery.
  4974 | Orc:4    | Killed Donald
  5158 | Orc:4    | Noticed Saint Roka
  5161 | Orc:4    | Reached skill level 20 in Axes
  5173 | Orc:4    | HP: 1/93 [Saint Roka/divine providence (9)]
  5175 | Orc:4    | Killed from afar by Saint Roka

Vault maps used:
D:1:      co_arrival_random_square_maze, hangedman_decor_clover_reticule
D:2:      lemuel_coloured_pillars_altar
D:3:      overflow_temple_1_default, nicolae_ru_sacrificial_ziggurat,
          uniq_robin, uniq_terence
D:4:      serial_park_tiny_1, uniq_blork_the_orc
D:5:      lemuel_upstairs_altar, first_bread
D:6:      minmay_temple_entry_large_hall, lightli_church_of_beogh
D:7:      uniq_menkaure
D:8:      makhleb_altar_promises_db, grunt_livestock, uniq_psyche
D:9:      dpeg_lair_monsters, lemuel_another_geyser
D:12:     minmay_orc_entry_temple_small, minmay_misc_feat_chi,
          hangedman_weighted_door, minmay_misc_feat_encased,
          hangedman_devilish_allure
D:13:     david_vaults_4
Temple:   nicolae_temple_elliptical
Orc:1:    basic_altar, serial_shops, shop_coins, mines2_david
Orc:2:    lemuel_ogre_cave, serial_shops, nicolae_shop_crystal, nooodl_orcs_dogs
Orc:3:    serial_shops, shop, nicolae_orc_pool_cavern
Orc:4:    grunt_orc_tribal_feast, uniq_maud, uniq_saint_roka, uniq_donald

Action                   |  1- 3 |  4- 6 |  7- 9 | 10-12 || total
-------------------------+-------+-------+-------+-------++-------
Melee: Hand axe          |    85 |   119 |   264 |   349 ||   817
       War axe           |       |       |       |   198 ||   198
Invok: Berserk           |     2 |     5 |     8 |    11 ||    26
       Trog's Hand       |       |       |     5 |    21 ||    26
       Brothers in Arms  |       |       |       |     3 ||     3
  Use: Scroll            |     3 |     3 |     4 |     2 ||    12
       Potion            |       |       |     3 |     6 ||     9
  Eat: Chunk             |       |     8 |    12 |    14 ||    34
       Beef jerky        |       |       |     1 |     3 ||     4
       Pizza             |       |       |     6 |     1 ||     7
       Bread ration      |       |       |       |     1 ||     1
